 Dungeon Crawl Stone Soup version 0.29-a0-6-ga859fcf985 (webtiles) character file.

Game seed: 4373712237403918267

36413 fbiz the Unseen (level 13, -1/67 HPs)
             Began as a Spriggan Enchanter on Jan 26, 2022.
             Was a Priest of Dithmenos.
             Slain by a minotaur (34 damage)
             ... in a Gauntlet on Jan 27, 2022.
             The game lasted 00:41:35 (16689 turns).

fbiz the Unseen (Spriggan Enchanter)               Turns: 16689, Time: 00:41:36

Health: -1/67      AC:  6    Str:  8    XL:     13   Next: 52%
Magic:  29/31      EV: 28    Int: 16    God:    Dithmenos [***...]
Gold:   1793       SH:  0    Dex: 23    Spells: 27/38 levels left

rFire   . . .      SeeInvis +   i - +2 dagger (venom)
rCold   + . .      Faith    .   (no shield)
rNeg    . . .      Spirit   .   b - +1 robe
rPois   .          Reflect  .   (helmet restricted)
rElec   .          Harm     .   p - +2 cloak
rCorr   .          Rampage  .   (gloves unavailable)
Will    ++...      NoTele   +   (boots unavailable)
Stlth   +++++++++.              d - amulet of regeneration
HPRegen 1.01/turn               y - ring of wizardry
MPRegen 0.22/turn               w - +6 ring of dexterity

@: mighty, confusing by touch, hasted, wreathed by umbra, invisible, very quick
A: very small, no large weapons, unfitting armour, see invisible, speed 3, horns
1, cold resistance 1
a: Renounce Religion, Shadow Step


You were in a Gauntlet.
You worshipped Dithmenos.
Dithmenos was most pleased with you.
You visited 3 branches of the dungeon, and saw 19 of its levels.
You also visited: Gauntlet and Ice Cave.

You collected 2040 gold pieces.
You spent 247 gold pieces at shops.

Inventory:

Hand Weapons
 a - a +1 dagger of protection
 e - a +2 short sword of speed
 i - a +2 dagger of venom (weapon)
Missiles
 l - 3 throwing nets (quivered)
 z - 8 poisoned darts
 D - 5 atropa-tipped darts
Armour
 b - a +1 robe (worn)
 p - a +2 cloak (worn)
Jewellery
 d - an amulet of regeneration (around neck)
 u - an amulet of reflection
 w - a +6 ring of dexterity (right hand)
 y - a ring of wizardry (left hand)
 F - a ring of resist corrosion
 G - the ring "Road" {rF+ rC- rN++ rCorr Str-2}
   (You found it in a Gauntlet)

   [ring of protection from fire]

   Str:       It affects your strength (-2).
   rF:        It protects you from fire.
   rC:        It makes you vulnerable to cold.
   rN:        It greatly protects you from negative energy.
   rCorr:     It protects you from acid and corrosion.
Wands
 n - a wand of iceblast (19)
Scrolls
 j - a scroll of amnesia
 r - 4 scrolls of teleportation
 s - 2 scrolls of enchant weapon
 t - 3 scrolls of fog
 v - a scroll of holy word
 x - a scroll of blinking
 C - 7 scrolls of identify
Potions
 f - 2 potions of magic
 g - a potion of mutation
 h - a potion of haste
 k - 3 potions of might
 m - 4 potions of brilliance
 o - 2 potions of resistance
 A - 3 potions of lignification
 B - 6 potions of curing
 E - a potion of heal wounds
Miscellaneous
 q - a lightning rod (4/4)


   Skills:
 + Level 7.0 Fighting
 + Level 9.3 Short Blades
 + Level 11.5 Dodging
 + Level 16.3 Stealth
 + Level 13.3 Spellcasting
 + Level 13.5 Hexes


You had 27 spell levels left.
You knew the following spells:

 Your Spells              Type           Power      Damage    Failure   Level
a - Ensorcelled Hibernat  Hex/Ice        64%        N/A       1%          2
b - Tukima's Dance        Hex            52%        N/A       1%          3
c - Dazzling Flash        Conj/Hex       64%        N/A       1%          3
d - Confusing Touch       Hex            52%        N/A       1%          3

Your spell library contained the following spells:

 Spells                   Type           Power      Damage    Failure   Level
 Animate Skeleton         Necr           20%        N/A       2%          1
 Pain                     Necr           40%        1d6       2%          1
 Scorch                   Fire           20%        2d6       4%          2
 Sublimation of Blood     Necr           10%        N/A       4%          2
 Vampiric Draining        Necr           10%        2d6       8%          3
 Flame Wave               Conj/Fire      10%        2d5       26%         4
 Passage of Golubria      Tloc           10%        N/A       26%         4
 Petrify                  Tmut/Erth      10%        N/A       26%         4
 Fireball                 Conj/Fire      5%         3d5       54%         5
 Irradiate                Conj/Tmut      5%         3d15      54%         5
 Summon Cactus Giant      Summ           5%         N/A       98%         6


Dungeon Overview and Level Annotations

Branches:
Dungeon (14/15)            Temple (1/1) D:7            Lair (4/6) D:8
 Shoals (0/4) Lair:4        Snake (0/4) Lair:3          Orc (0/2) D:11
 Vaults (0/5) D:14          IceCv (visited)         Gauntlet (1/1)

Altars:
Ashenzari
Cheibriados
Dithmenos
Elyvilon
Fedhas
Gozag
Hepliaklqana
Kikubaaqudgha
Makhleb
Nemelex Xobeh
Okawaru
Qazlal
Ru
Sif Muna
Trog
Uskayaw
Vehumet
Wu Jian
Xom
Yredelemnul
Zin
The Shining One

Shops:
D:7 *   D:9 ?=*=   D:11 =

Annotations:
D:10 exclusion: ice statue
D:13 3 runed translucent doors, brandma555's ghost, journeyman MiFi Gauntlet 8 transporters, 3 runed translucent doors


Innate Abilities, Weirdness & Mutations

You are very small and have problems with some larger weapons.
You are too small for most types of armour.
You have supernaturally acute eyesight. (SInv)
You cover ground extremely quickly. (Speed+++)
You have a pair of small horns on your head.
Your flesh is cold resistant. (rC+)


Message History

You open the door.
A minotaur comes into view.
It is wielding a +0 bardiche and quivering silver javelins.
Found four items.
Casting: Confusing Touch (safe; 1% risk of failure)
Confirm with . or Enter, or press ? or * to list all spells.
Aiming: Tukima's Dance (safe; 1% risk of failure)
Press: ? - help, Shift-Dir - straight line, f - minotaur
Aim: a minotaur, wielding a +0 bardiche, wearing quicksilver dragon scales and quivering silver javelins (wandering, hasn't noticed you, chance to confuse on hit: 0%, chance to affect: 0%)
Okay, then.
Aiming: Iceblast
Press: ? - help, Shift-Dir - straight line, f - minotaur
Aim: a minotaur, wielding a +0 bardiche, wearing quicksilver dragon scales and quivering silver javelins (wandering, hasn't noticed you, chance to confuse on hit: 0%)
The mass of ice explodes!
The iceblast engulfs the minotaur but does no damage.
The minotaur bellows!
Found a gate leading back out of this place.
There is an open door here.
The minotaur completely misses you. The minotaur barely misses you.
You closely miss the minotaur. You hit the minotaur but do no damage.
The minotaur completely misses you. The minotaur barely misses you.
You hit the minotaur but do no damage. Your punch misses the minotaur.
You catch the helpless minotaur completely off-guard!
You hit the minotaur but do no damage.
You strike the helpless minotaur from behind!
You hit the minotaur but do no damage.
You headbutt the minotaur, but do no damage.
The minotaur hits you with a +0 bardiche!!
The minotaur completely misses you.
You hit the minotaur but do no damage. Your headbutt misses the minotaur.
You catch the helpless minotaur completely off-guard!
You hit the minotaur but do no damage.
You catch the helpless minotaur completely off-guard!
You hit the minotaur but do no damage.
The minotaur hits you with a +0 bardiche!!
The minotaur completely misses you.
There is an open door here.
The minotaur hits you from afar with a +0 bardiche!!
Ouch! That really hurt!
You die...

#8∩8# #[.)# #8.8# ####[.:####
###8.#8.8#.8### #....#...#....
#.#..#8H8#..# #.#..##'##..#.#
#.......@.....# #.#.##.#.##.#.#
#.#....#....#.# #.#.#######.#.#
#.............# ##...©.©.©...##
###########.........############
≈#≈#≈#§#≈#############≈#§#≈#≈#§##
....§§§..§...8.∩.8............§§§


You could see a minotaur.

Vanquished Creatures
  Rupert (Lair:4)
  Harold (D:9)
  2 boulder beetles
  3 vault guards (D:14)
  5 hydras
  An ogre mage (D:14)
  2 two-headed ogres
  2 centaur warriors
  A tengu warrior (D:14)
  Urug (Lair:4)
  A wizard (D:14)
  3 orc knights
  4 cyclopes
  2 deep elf pyromancers
  5 ugly things
  2 manticores
  A black mamba (Lair:4)
  3 gargoyles
  3 cane toads
  An unseen horror (D:12)
  3 komodo dragons
  3 ice devils (D:10)
  A wind drake (Lair:4)
  2 trolls
  3 meliai (Gauntlet)
  A hornet (D:9)
  Sigmund (D:6)
  4 blink frogs (Lair:1)
  3 vampires
  A wyvern (D:9)
  3 wraiths (D:12)
  3 shadows (Gauntlet)
  A basilisk (D:12)
  9 yaks
  2 steam dragons
  5 vampire mosquitoes
  An acid dragon (D:9)
  3 water moccasins (Lair:1)
  Duvessa (D:6)
  3 orc warriors
  A sky beast (D:6)
  2 black bears
  5 necrophages
  An ogre (D:5)
  3 centaurs (D:9)
  A phantom (D:5)
  7 bullfrogs
  2 wyvern zombies (D:6)
  A scorpion (Lair:4)
  A gnoll sergeant (D:10)
  Dowan (D:6)
  4 killer bees
  A wight (D:10)
  2 electric eels (D:8)
  2 howler monkeys
  10 centaur zombies
  5 hounds
  4 orc priests
  A bullfrog zombie (D:3)
  A gnoll shaman (D:4)
  A human zombie (D:10)
  A jelly (D:7)
  Terence (D:3)
  4 orc wizards
  A scorpion zombie (D:5)
  A troll simulacrum (IceCv)
  A killer bee zombie (D:9)
  A hound zombie (D:5)
  A hound skeleton (D:4)
  3 mummies
  A howler monkey zombie (D:9)
  6 gnolls
  11 adders
  A shadow imp (D:7)
  2 white imps
  6 ufetubi
  5 worms
  24 orcs
  2 ball pythons
  7 endoplasms
  A giant cockroach (D:4)
  4 goblins
  11 hobgoblins
  7 jackals (D:1)
  6 kobolds
  2 quokkas
  5 bats
  5 frilled lizards
  10 rats
283 creatures vanquished.

Vanquished Creatures (collateral kills)
  2 two-headed ogres
  A human (D:14)
  Edmund (D:6)
  An orc warrior (D:9)
  A gnoll sergeant (D:12)
  4 wights (D:10)
  An orc priest (D:12)
  A mummy (D:10)
  2 gnolls
  An orc (D:3)
  A kobold (D:3)
16 creatures vanquished.

Vanquished Creatures (others)
  8 dancing weapons
  4 fungi
  5 plants
  2 toadstools (D:1)
19 creatures vanquished.

Grand Total: 318 creatures vanquished

Notes
Turn   | Place    | Note
-------+----------+-------------------------------------------
     0 | D:1      | fbiz the Spriggan Enchanter began the quest for the Orb.
     0 | D:1      | Reached XP level 1. HP: 9/9 MP: 5/5
   581 | D:1      | Reached XP level 2. HP: 11/13 MP: 7/7
   584 | D:1      | Learned a level 2 spell: Ensorcelled Hibernation
   632 | D:1      | You fall into a shaft and drop 1 floor!
   899 | D:2      | Found a snail-covered altar of Cheibriados.
  1674 | D:1      | Reached XP level 3. HP: 16/16 MP: 9/9
  1678 | D:1      | Learned a level 3 spell: Tukima's Dance
  1682 | D:1      | Learned a level 3 spell: Dazzling Flash
  2407 | D:3      | Noticed Terence
  2429 | D:3      | Killed Terence
  2430 | D:3      | Reached XP level 4. HP: 21/21 MP: 2/11
  2557 | D:3      | Reached skill level 5 in Hexes
  2635 | D:3      | Found a faded altar of an unknown god.
  2847 | D:2      | Learned a level 3 spell: Confusing Touch
  3631 | D:4      | Reached XP level 5. HP: 24/24 MP: 13/13
  3715 | D:4      | Reached skill level 5 in Spellcasting
  3926 | D:4      | Reached skill level 5 in Stealth
  4056 | D:4      | Reached XP level 6. HP: 28/28 MP: 13/15
  4592 | D:5      | Entered Level 5 of the Dungeon
  4607 | D:5      | Reached skill level 6 in Stealth
  4760 | D:5      | Reached XP level 7. HP: 17/32 MP: 12/17
  4826 | D:5      | Reached skill level 7 in Stealth
  5360 | D:5      | Found a burning altar of Makhleb.
  5892 | D:6      | Noticed Dowan
  5893 | D:6      | Noticed Duvessa
  5919 | D:6      | Killed Duvessa
  5920 | D:6      | Reached skill level 8 in Stealth
  5927 | D:6      | Killed Dowan
  6055 | D:6      | Got the Grimoire of Translocation and Ignition
  6072 | D:6      | Reached XP level 8. HP: 34/36 MP: 20/20
  6128 | D:5      | Noticed a rust devil
  6128 | D:5      | Noticed a rust devil
  6212 | D:6      | Found an ornate altar of the Wu Jian Council.
  6255 | D:6      | Noticed Sigmund
  6261 | D:6      | Killed Sigmund
  6271 | D:6      | Found a stormy altar of Qazlal.
  6346 | D:6      | Reached skill level 9 in Stealth
  6751 | D:6      | Noticed Edmund
  6766 | D:6      | Killed Edmund
  6805 | D:6      | Reached skill level 10 in Stealth
  6856 | D:7      | Found Quucweam's General Store.
  6879 | D:7      | Bought a scroll of magic mapping for 52 gold pieces
  7062 | D:7      | Found a staircase to the Ecumenical Temple.
  7078 | Temple   | Entered the Ecumenical Temple
  7149 | D:7      | Noticed an angel
  7247 | D:7      | Noticed a rust devil
  7569 | D:8      | Found a staircase to the Lair.
  7570 | D:8      | Noticed a komodo dragon
  7731 | D:8      | Found a hide-covered altar of Uskayaw.
  7744 | D:8      | Reached XP level 9. HP: 39/39 MP: 22/22
  7836 | D:8      | Found a blossoming altar of Fedhas.
  7935 | D:8      | Found a basalt altar of Yredelemnul.
  8368 | D:8      | Killed a komodo dragon
  8369 | D:8      | Reached skill level 1 in Fighting
  8435 | D:9      | Found Odeadaf's General Store.
  8444 | D:9      | Reached skill level 11 in Stealth
  8473 | D:9      | Found Cayzokue's Jewellery Emporium.
  8736 | D:9      | Found Avismoec's Jewellery Shop.
  8965 | D:9      | Found Imomen's Magic Scroll Shop.
  8974 | D:9      | Bought 2 scrolls of identify for 68 gold pieces
  8974 | D:9      | Bought a scroll of identify for 34 gold pieces
  8974 | D:9      | Bought a scroll of identify for 34 gold pieces
  8974 | D:9      | Bought a scroll of magic mapping for 59 gold pieces
  9019 | D:9      | Reached skill level 10 in Hexes
  9077 | D:9      | Reached skill level 5 in Dodging
  9086 | D:9      | Noticed Harold
  9092 | D:9      | Killed Harold
  9093 | D:9      | Reached XP level 10. HP: 42/47 MP: 18/24
  9140 | D:9      | Found a snail-covered altar of Cheibriados.
  9402 | D:10     | Entered Level 10 of the Dungeon
  9438 | D:10     | Reached skill level 12 in Stealth
  9438 | D:10     | Reached skill level 10 in Spellcasting
  9814 | D:10     | Noticed an ice statue
  9865 | D:10     | Found a shadowy altar of Dithmenos.
  9939 | D:10     | Became a worshipper of Dithmenos the Shadowed
 10041 | D:10     | Gained mutation: You tend to lose your temper in combat.
                  | [potion of mutation]
 10041 | D:10     | Gained mutation: You have large cloven feet. [potion of
                  | mutation]
 10042 | D:10     | Lost mutation: You tend to lose your temper in combat.
                  | [potion of mutation]
 10042 | D:10     | Lost mutation: You have large cloven feet. [potion of
                  | mutation]
 10042 | D:10     | Gained mutation: You are clumsy. (Dex -2) [potion of
                  | mutation]
 10090 | D:10     | Reached skill level 5 in Short Blades
 10335 | D:10     | Reached skill level 13 in Stealth
 10350 | D:10     | Reached XP level 11. HP: 49/53 MP: 21/26
 10463 | D:10     | Reached * piety under Dithmenos
 10465 | D:10     | Found an ancient bone altar of Kikubaaqudgha.
 10772 | D:11     | Found Giuk's Jewellery Shoppe.
 10801 | D:11     | Noticed a two-headed ogre
 10825 | D:11     | Killed a two-headed ogre
 11071 | D:11     | Found a staircase to the Orcish Mines.
 11306 | D:12     | Noticed a two-headed ogre
 11311 | D:12     | Killed a two-headed ogre
 11312 | D:12     | Lost mutation: You are clumsy. (Dex -2) [potion of
                  | mutation]
 11312 | D:12     | Gained mutation: Your flesh is cold resistant. (rC+)
                  | [potion of mutation]
 11312 | D:12     | Gained mutation: You have a pair of small horns on your
                  | head. [potion of mutation]
 11319 | D:12     | Noticed a two-headed ogre
 11513 | D:12     | Noticed a six-headed hydra
 11520 | D:12     | Killed a six-headed hydra
 11648 | D:12     | Killed a two-headed ogre
 11802 | D:12     | Reached skill level 14 in Stealth
 11914 | D:12     | Noticed a centaur warrior
 11918 | D:12     | Killed a centaur warrior
 11919 | D:12     | Reached skill level 5 in Fighting
 11921 | D:12     | Noticed a deep elf pyromancer
 11923 | D:12     | Noticed a brown ugly thing
 11927 | D:12     | Killed a deep elf pyromancer
 11945 | D:12     | Killed a brown ugly thing
 12015 | D:12     | Noticed a boulder beetle
 12034 | D:12     | Reached XP level 12. HP: 40/60 MP: 19/28
 12391 | D:12     | Killed a boulder beetle
 12687 | D:13     | Identified a scroll of acquirement
 12687 | D:13     | Acquired 1136 gold pieces
 12728 | D:13     | Noticed a boulder beetle
 12732 | D:13     | Killed a boulder beetle
 13004 | D:13     | Found a runed translucent gate.
 13004 | D:13     | Found a runed translucent gate.
 13005 | D:13     | Found a runed translucent gate.
 13007 | D:13     | Noticed brandma555's ghost (journeyman MiFi)
 13315 | D:13     | Noticed an eight-headed hydra
 13324 | D:13     | Killed an eight-headed hydra
 13398 | D:13     | Noticed a four-headed hydra
 13404 | D:13     | Killed a four-headed hydra
 13404 | D:13     | Reached ** piety under Dithmenos
 13526 | D:13     | Upgraded the game from 0.29-a0-1-gf2d273c862 to
                  | 0.29-a0-6-ga859fcf985
 13535 | D:14     | Noticed a centaur warrior
 13541 | D:14     | Noticed a two-headed ogre
 13560 | D:13     | Killed a two-headed ogre
 13645 | D:14     | Noticed a tengu warrior
 13648 | D:14     | Killed a tengu warrior
 13649 | D:14     | Reached skill level 10 in Dodging
 13649 | D:14     | Reached skill level 15 in Stealth
 13711 | D:14     | Noticed a vault guard
 13912 | D:14     | Found a broken altar of Ashenzari.
 13955 | D:14     | Noticed a seven-headed hydra
 13958 | D:14     | Killed a seven-headed hydra
 13979 | D:14     | Killed a centaur warrior
 14342 | D:14     | Noticed a four-headed hydra
 14356 | D:14     | Killed a four-headed hydra
 14570 | D:14     | Noticed an ogre mage
 14695 | D:14     | Reached XP level 13. HP: 28/65 MP: 21/30
 14927 | D:14     | Found a gate to the Vaults.
 15131 | Lair:1   | Entered Level 1 of the Lair of Beasts
 15447 | Lair:1   | Found a frozen archway.
 15462 | IceCv    | Entered an ice cave
 15755 | Lair:1   | Reached skill level 16 in Stealth
 15808 | Lair:1   | Reached *** piety under Dithmenos
 16099 | Lair:2   | You fall into a shaft and drop 2 floors!
 16099 | Lair:4   | Noticed Urug
 16101 | Lair:4   | Killed Urug
 16176 | Lair:4   | Found a staircase to the Shoals.
 16274 | Lair:4   | Noticed Rupert
 16280 | Lair:4   | Killed Rupert
 16322 | Lair:3   | Found a gate leading to a gauntlet.
 16340 | Gauntlet | Entered a Gauntlet
 16340 | Gauntlet | Found a transporter.
 16340 | Gauntlet | Found a transporter.
 16361 | Gauntlet | Found a transporter.
 16379 | Gauntlet | Found a transporter.
 16379 | Gauntlet | Found a transporter.
 16379 | Gauntlet | Found a transporter.
 16381 | Gauntlet | Found a transporter.
 16381 | Gauntlet | Found a transporter.
 16394 | Gauntlet | Found a transporter.
 16408 | Gauntlet | Found a runed translucent gate.
 16409 | Gauntlet | Found a transporter.
 16409 | Gauntlet | Found a runed translucent gate.
 16410 | Gauntlet | Found a runed translucent gate.
 16419 | Gauntlet | Found a transporter.
 16434 | Gauntlet | Found a transporter.
 16453 | Gauntlet | Found a transporter.
 16465 | Gauntlet | Found a transporter.
 16620 | Gauntlet | Identified the ring "Road" {rF+ rC- rN++ rCorr Str-2}
 16671 | Gauntlet | Noticed a minotaur
 16689 | Gauntlet | Slain by a minotaur

Illustrated notes

Levels and vault maps discovered:
D:1:      tarquinn_simple_flora_water_e, layout_loops_ring,
          minmay_gold_behind_fungi, hangedman_glass_teeth, minivault_26,
          serial_bayou_ford_a
D:2:      layout_loops_ring, basic_altar
D:3:      layout_loops_cross, basic_ecumenical_altar, uniq_terence
D:4:      layout_loops_ring, minmay_misc_feat_rugged, grunt_ministairs_2
D:5:      cheibrodos_iron_armory, layout_basic, mainiacjoe_overflow_alcove_4,
          lightli_sewer_entry_pipes, kennysheep_boxes
D:6:      layout_gridville, nicolae_wu_jian_wuxing_cycle,
          nicolae_qazlal_scattered_showers, uniq_sigmund, uniq_duvessa,
          uniq_edmund
D:7:      layout_loops_ring, temple_garden, serial_shops, nicolae_diamond_shop
D:8:      layout_cave_pods, mainiacjoe_overflow_alcove_1,
          mainiacjoe_overflow_catch_the_wave, david_lair_shrubbed
D:9:      minmay_recursive_quarters, layout_loops_ring, slow_altar_2,
          serial_shops, shop, nicolae_shop_advertising_works
          [nicolae_subvault_shop_adworks], nicolae_stop_n_shop_2,
          nicolae_shop_trees, minmay_statues_item, minmay_holes,
          amcnicky_mini_corridor_feature, skrybe_limestone_x, minivault_23,
          kennysheep_windowed_goal, uniq_harold
D:10:     cheibrodos_frozen_isle, layout_irregular_city,
          lemuel_mausoleum_altar_kikubaaqudgha, nicolae_dithmenos_shadow_blocks
D:11:     layout_rooms, orc_0_dummy, serial_shops, shop
D:12:     minmay_ornate_pinched, layout_irregular_city
D:13:     layout_loops_corners, gammafunk_ghost_spectres
D:14:     layout_basic, grunt_vaults_entry_fortified, nicolae_ashenzari_skybound
Temple:   cyrus_circular_temple
Lair:1:   layout_long_grid, portal_ice_cave_entry_pillars_2,
          infiniplex_staircase_pool_2, grunt_megastairs_1
Lair:2:   layout_loops_ring
Lair:3:   layout_roguey, dummy_snake_entry, gauntlet_entry_generic, st_stairs_5,
          serial_bayou_shore_b
Lair:4:   layout_cave_pods, minmay_shoals_entry_beasts, minivault_24,
          lemuel_fruit_fields, uniq_rupert, uniq_urug
Gauntlet: gammafunk_gauntlet_mixed_choke_point
          [minmay_gauntlet_arena_77_broken_ladder,
          minmay_gauntlet_arena_77_p_blocks, minmay_gauntlet_arena_77_braids,
          nicolae_gauntlet_arena_flowing_pool, minmay_gauntlet_arena_77_fan,
          minmay_gauntlet_arena_77_run_for_it,
          minmay_gauntlet_arena_77_checkered,
          nicolae_gauntlet_exit_dead_adventurers]

Skill      XL: |  1  2  3  4  5  6  7  8  9 10 11 12 13 |
---------------+----------------------------------------+-----
Spellcasting   | 3 4 5 6 7 8 9 10 11 12 13 | 13.3
Hexes          | 4 5 6 7 9 10 11 12 13 | 13.5
Stealth        | 5 6 8 10 11 13 14 15 16 | 16.3
Dodging        | 5 7 9 10 11 | 11.5
Fighting       | 2 3 5 6 7 |  7.0
Short Blades   | 3 5 7 8 9 |  9.3

Action                   |  1- 3 |  4- 6 |  7- 9 | 10-12 | 13-15 || total
-------------------------+-------+-------+-------+-------+-------++-------
Melee: Dagger            |   113 |   158 |       |   266 |    78 ||   615
       Short sword       |    32 |    34 |   359 |   135 |       ||   560
       Punch             |       |     3 |     7 |     8 |       ||    18
       Headbutt          |       |       |       |    44 |    10 ||    54
 Cast: Ensorcelled Hiber |    11 |    14 |    28 |    68 |    28 ||   149
       Tukima's Dance    |     2 |     4 |     7 |    36 |       ||    49
       Confusing Touch   |       |     4 |    13 |    31 |     5 ||    53
       Dazzling Flash    |       |       |       |     7 |       ||     7
Invok: Shadow Step       |       |       |       |       |     1 ||     1
Evoke: Wand              |       |       |       |    47 |     1 ||    48
  Use: Scroll            |       |     4 |    12 |    13 |     3 ||    32
       Potion            |       |       |     2 |     4 |     5 ||    11
 Stab: Sleeping          |    15 |    16 |    41 |    49 |    30 ||   151
       Distracted        |     1 |       |     1 |     1 |     1 ||     4
       Confused          |       |     3 |    13 |    40 |     6 ||    62
       Invisible         |       |       |       |       |     4 ||     4
Armor: Robe              |    14 |     9 |    35 |    38 |     1 ||    97
Dodge: Dodged            |   126 |   113 |   228 |   288 |    57 ||   812

Table legend: (Time is in decaauts)
 A = Elapsed time spent in this place.
 B = Non-inter-level travel time spent in this place.
 C = Inter-level travel time spent in this place.
 D = Time resting spent in this place.
 E = Time spent auto-exploring this place.
 F = Levels seen in this place.
 G = Mean time per level.
                   A        B        C        D        E       F      G
               +--------+--------+--------+--------+--------+-----+--------+
         Total |  12064 |  11662 |    402 |    934 |   7936 |  21 |  574.5 |
       Dungeon |  11025 |  10642 |    383 |    915 |   7217 |  14 |  787.5 |
        Temple |     34 |     27 |      7 |      0 |     22 |   1 |   34.0 |
          Lair |    768 |    756 |     12 |      0 |    596 |   4 |  192.0 |
      Ice Cave |     11 |     11 |      0 |      0 |      0 |   1 |   11.0 |
      Gauntlet |    224 |    224 |      0 |     19 |    100 |   1 |  224.0 |
               +--------+--------+--------+--------+--------+-----+--------+

Top non-repeatable levels by time:
     D:1: 1152 daAuts
    D:10: 1064 daAuts
    D:14: 993 daAuts
     D:5: 947 daAuts
     D:3: 910 daAuts
    D:12: 892 daAuts
     D:4: 807 daAuts
    D:13: 749 daAuts
     D:6: 719 daAuts
     D:9: 669 daAuts
     D:2: 668 daAuts
     D:8: 617 daAuts
  Lair:1: 504 daAuts
    D:11: 448 daAuts
     D:7: 384 daAuts
